 Dungeon Crawl Stone Soup version 0.32-a0-520-g344ed53f66 (webtiles) character file.

Game seed: 4385378624456270660

84 lunkers the Cudgeller (level 4, 0/36 HPs)
             Began as a Mountain Dwarf Warper on Feb 27, 2024.
             Constricted to death by a ball python (1 damage)
             ... on level 3 of the Dungeon.
             The game lasted 00:02:39 (2359 turns).

lunkers the Cudgeller (Mountain Dwarf Warper)       Turns: 2359, Time: 00:02:40

Health: 0/36       AC:  0    Str: 15    XL:     4   Next: 24%
Magic:  6/6        EV:  0    Int: 14    God:
Gold:   91         SH:  0    Dex:  9    Spells: 6/6 levels left

rFire   . . .        a - +0 mace
rCold   . . .        (no shield)
rNeg    . . .        u - +0 ring mail
rPois   .            q - +2 helmet
rElec   .            (no cloak)
rCorr   .            (no gloves)
SInv    +            (no boots)
Will    .....        (no amulet) Stlth
                     o - ring of see invisible
HPRegen 0.26/turn    (no ring)
MPRegen 0.10/turn

%: no passive effects
@: corroded, constricted
A: runic magic, artefact enchanting
a: no special abilities


You were on level 3 of the Dungeon.
You visited 1 branch of the dungeon, and saw 3 of its levels.

You collected 91 gold pieces.

Inventory:

Hand Weapons
 a - a +0 mace (weapon)
Missiles
 d - 11 darts of dispersal
 s - 6 poisoned darts
Armour
 b - a +0 leather armour
 q - a +2 helmet (worn)
 u - a +0 ring mail (worn)
Jewellery
 o - a ring of see invisible (left hand)
 t - a ring of resist corrosion
Wands
 v - a wand of charming (8)
Scrolls
 c - a scroll of blinking
 f - a scroll of vulnerability {unknown}
 j - a scroll of amnesia {unknown}
 l - 6 scrolls of teleportation {unknown}
 n - a scroll of fog {unknown}
Potions
 e - a potion of haste {unknown}
 g - a potion of lignification {unknown}
 h - 3 potions of curing {unknown}
 i - a potion of attraction {unknown}
 k - 2 potions of ambrosia {unknown}
 m - a potion of resistance {unknown}
 p - a potion of heal wounds {unknown}
 r - a potion of might {unknown}


   Skills:
 - Level 2.1 Fighting
 * Level 5.5 Maces & Flails
 - Level 0.7 Throwing
 - Level 1.1 Armour
 - Level 1.3 Dodging
 - Level 1.7 Spellcasting
 - Level 2.4 Translocations


You had 6 spell levels left.
You didn't know any spells.
Your spell library contained the following spells:

 Spells                   Type           Power      Damage    Failure   Level
 Blink                    Tloc           14%        N/A       16%         2
 Lesser Beckoning         Tloc           14%        N/A       16%         2
 Teleport Other           Tloc           7%         N/A       32%         3
 Manifold Assault         Tloc           7%         N/A       71%         4
 Vhi's Electric Charge    Tloc/Air       8%         N/A       87%         4


Dungeon Overview and Level Annotations

Branches:
Dungeon (3/15)

Altars:

Annotations:
D:3 2 transporters


Innate Abilities, Weirdness & Mutations

Your spellcasting is much less encumbered by armour.
You can use scrolls of enchantment on lesser artefacts.


Message History

Found 2 stones.
Found a transporter.
A jelly comes into view.
A ball python comes into view.
The ball python hisses angrily.
The jelly closely misses you.
You hit the jelly. The acid corrodes you!
Your hands burn!
The jelly is lightly wounded.
The ball python bites you but does no damage.
The jelly hits you.
You are splashed with acid.
You barely miss the jelly.
The jelly is lightly wounded.
The ball python barely misses you. The ball python grabs you.
The ball python constricts you. The jelly hits you but does no damage.
You hit the ball python but do no damage.
The ball python bites you but does no damage.
The ball python constricts you. The jelly hits you. The acid corrodes you!
You are splashed with acid.
* * * LOW HITPOINT WARNING * * *
The ball python bites you.
* * * LOW HITPOINT WARNING * * *
The ball python constricts you.
* * * LOW HITPOINT WARNING * * *
The ball python's grasp on you weakens, but your attempt to escape fails.
The jelly hits you.
* * * LOW HITPOINT WARNING * * *
You are splashed with acid.
* * * LOW HITPOINT WARNING * * *
The ball python completely misses you. The ball python constricts you.
* * * LOW HITPOINT WARNING * * *
Aiming: Charm
Press: ? - help, Shift-Dir - straight line, f - jelly
Aim: a jelly (lightly wounded, chance to affect: 57%)
The jelly is charmed.
The ball python bites you.
* * * LOW HITPOINT WARNING * * *
The ball python constricts you.
* * * LOW HITPOINT WARNING * * *
You barely miss the ball python. The ball python bites you.
* * * LOW HITPOINT WARNING * * *
The ball python constricts you.
You die...

######
'....#############+#####
####......#............#
# ######.#............#
#########..............#
<.#....................#
....########..##........
#############..#........
................@J......
#############.#..S.....#
P#~~~~~SS#Pß#.#........#
.#..~P~SP#..#......#####
/+..~⌠P~S+(©#©.......
.#.[~~~P~#..#......#..
P#~~~~~~~#Pß#.#....##..
#############.###... ..
.....


You could see a ball python (ally target) and a friendly jelly (charmed).

Vanquished Creatures
  Robin (D:2)
  2 adders (D:2)
  8 bats
  4 endoplasms
  4 giant cockroaches
  6 goblins (D:2)
  8 hobgoblins
  4 jackals (D:2)
  A kobold (D:1)
  3 ball pythons (D:1)
  6 frilled lizards
  6 rats
53 creatures vanquished.

Notes
Turn   | Place    | Note
-------+----------+-------------------------------------------
     0 | D:1      | lunkers the Mountain Dwarf Warper began the quest for the
                  | Orb.
     0 | D:1      | Reached XP level 1. HP: 17/17 MP: 3/3
   123 | D:1      | Reached skill level 3 in Maces & Flails
   157 | D:1      | Reached XP level 2. HP: 14/24 MP: 4/4
   435 | D:1      | Reached skill level 4 in Maces & Flails
  1086 | D:2      | Reached XP level 3. HP: 27/29 MP: 5/5
  1462 | D:2      | Reached skill level 5 in Maces & Flails
  1505 | D:2      | Noticed Robin
  1516 | D:2      | Killed Robin
  1517 | D:2      | Reached XP level 4. HP: 28/36 MP: 6/6
  2209 | D:3      | Found a transporter.
  2347 | D:3      | Found a transporter.
  2359 | D:3      | HP: 1/36 [ball python (3)]
  2359 | D:3      | Constricted to death by a ball python

Illustrated notes

Levels and vault maps discovered:
D:1:      minmay_arrival_checkered_box, layout_basic, serial_bayou,
          serial_bayou_shore_b, serial_bayou_pond_e, serial_bayou_pond_b,
          serial_bayou_lagoon_b
D:2:      layout_basic, uniq_robin
D:3:      gammafunk_steamed_eel, layout_basic

Skill      XL: |  1  2  3 |
---------------+----------+-----
Maces & Flails | 3 4 5 |  5.5
Fighting       | |  2.1
Throwing       | |  0.7
Armour         | |  1.1
Dodging        | |  1.3
Spellcasting   | |  1.7
Translocations | |  2.4

Action                     |  1- 3 |  4- 6 || total
---------------------------+-------+-------++-------
  Melee: Mace              |   154 |    43 ||   197
  Evoke: Wand              |       |     1 ||     1
 Armour: Leather armour    |   109 |    14 ||   123
         Ring mail         |       |    20 ||    20
  Dodge: Dodged            |   119 |    26 ||   145

Table legend: (Time is in decaauts)
 A = Elapsed time spent in this place.
 B = Non-inter-level travel time spent in this place.
 C = Inter-level travel time spent in this place.
 D = Time resting spent in this place.
 E = Time spent auto-exploring this place.
 F = Levels seen in this place.
 G = Mean time per level.
                   A        B        C        D        E       F      G
               +--------+--------+--------+--------+--------+-----+--------+
         Total |   2426 |   2278 |    148 |      0 |   1837 |   3 |  808.7 |
       Dungeon |   2426 |   2278 |    148 |      0 |   1837 |   3 |  808.7 |
               +--------+--------+--------+--------+--------+-----+--------+

Top non-repeatable levels by time:
     D:2: 1203 daAuts
     D:1: 1070 daAuts
     D:3: 152 daAuts
